 Dungeon Crawl Stone Soup version 0.20.0-15-g7f486f2 (webtiles) character file.

17269 yasd the Protected (level 12, 0/86 HPs)
             Began as a Formicid Fighter on July 1, 2017.
             Was an Elder of Okawaru.
             Slain by an earth elemental (32 damage)
             ... in a volcano.
             The game lasted 00:38:33 (13093 turns).

yasd the Protected (Formicid Fighter)              Turns: 13093, Time: 00:38:34

Health: 0/86       AC: 15    Str: 29    XL:     12   Next: 80%
Magic:  12/12      EV:  9    Int:  8    God:    Okawaru [****..]
Gold:   494        SH: 13    Dex: 14    Spells: 11/11 levels left

rFire    + . .     SeeInvis +   Y - +10 long sword of Demonkind {slice, rPois rF+ Str+2 SInv}
rCold    . . .     Gourm    .   c - +0 shield
rNeg     . . .     Faith    .   J - +0 plate armour
rPois    +         Spirit   .   (helmet unavailable)
rElec    .         Reflect  .   g - scarf {repulsion}
rCorr    .         Harm     .   (no gloves)
MR       +....                  (no boots)
Stlth    ..........             (no amulet)
Regen    0.3/turn               n - ring of flight
MPRegen  0.2/turn               E - +1 ring of evasion

@: mighty, repel missiles
A: permanent stasis, dig shafts and tunnels, four strong arms, antennae 3
a: Dig, Shaft Self, Heroism, Renounce Religion, Evoke Flight


You were in a volcano.
You worshipped Okawaru.
Okawaru was greatly pleased with you.
You were not hungry.

You visited 3 branches of the dungeon, and saw 13 of its levels.
You also visited: Ossuary, Bailey and Volcano.

You collected 542 gold pieces.
You spent 48 gold pieces at shops.

Inventory:

Hand Weapons
 a - a +1 flail
 i - a +1 dagger of venom
 t - a +0 mace
 G - a +1 flail of crushing
 I - a +0 dire flail of protection
 L - a +0 blowgun
 M - a +0 club
 N - a +2 whip of draining
 O - a +0 quarterstaff of crushing
 Y - the +10 long sword of Demonkind (weapon) {slice, rPois rF+ Str+2 SInv}
   (You found it on level 8 of the Dungeon)

   It inflicts extra damage upon your enemies.
   It affects your strength (+2).
   It protects you from fire.
   It protects you from poison.
   It lets you see invisible.
Missiles
 F - 2 javelins (quivered)
 S - 6 curare-tipped needles
 T - 2 tomahawks of returning
Armour
 b - a +1 scale mail
 c - a +0 shield (worn)
 e - a +2 buckler
 g - a scarf of repulsion (worn)
 x - a +2 hat of magic resistance
 y - a +0 large shield
 D - a cursed -2 scale mail
 J - a +0 plate armour (worn)
 P - a +1 cloak
 X - a +0 plate armour
 Z - a +0 pair of boots
Jewellery
 n - a ring of flight (left hand)
 o - an uncursed ring of flight
 E - a +1 ring of evasion (right hand)
 W - a +4 amulet of reflection
Wands
 j - a wand of paralysis (12/24)
 u - a wand of polymorph (12/24)
 A - a wand of iceblast (9/15)
 K - a wand of random effects (18/48)
 Q - a wand of flame (17/48)
 R - a wand of polymorph (10/24)
 U - a wand of lightning (6/15)
Scrolls
 d - 2 scrolls of remove curse
 h - 4 scrolls of enchant armour
 r - 3 scrolls of fear
 v - 3 scrolls of identify
Potions
 l - 6 potions of curing
 m - 2 potions of flight
 p - a potion of mutation
 q - 2 potions of berserk rage
 w - 3 potions of lignification
 B - a potion of haste
 C - a potion of ambrosia
Books
 H - a book of Changes

   Spells                             Type                      Level
   a - Beastly Appendage              Transmutation                1
   b - Sticks to Snakes               Transmutation                2
   c - Spider Form                    Transmutation/Poison         3
   d - Ice Form                       Ice/Transmutation            4
   e - Blade Hands                    Transmutation                5
Comestibles
 f - 5 bread rations
 k - 6 meat rations
 s - 5 royal jellies
 z - 5 fruits


   Skills:
 - Level 5.0 Fighting
 + Level 8.1 Long Blades
 - Level 11.4 Maces & Flails
 + Level 12.1 Armour
 - Level 11.4 Shields


You had 11 spell levels left.
You didn't know any spells.

Dungeon Overview and Level Annotations

Branches:
Dungeon (10/15)            Temple (1/1) D:4            Lair (2/6) D:10
    Orc (0/2) D:9
  Swamp: Lair:2-4    Shoals: Lair:2-4     Snake: Lair:2-4    Spider: Lair:2-4

Altars:
Ashenzari
Cheibriados
Dithmenos
Elyvilon
Fedhas
Gozag
Hepliaklqana
Kikubaaqudgha
Makhleb
Nemelex Xobeh
Okawaru
Qazlal
Ru
Sif Muna
Trog
Uskayaw
Vehumet
Xom
Yredelemnul
Zin
The Shining One

Shops:
D:9 ?


Innate Abilities, Weirdness & Mutations

You cannot be hasted, slowed, berserked, paralysed or teleported.
You can dig through walls and to a lower floor.
Your four strong arms can wield two-handed weapons with a shield.
You have a pair of large antennae on your head. (SInv)


Message History

You hit the molten gargoyle but do no damage.
The molten gargoyle is heavily damaged.
The molten gargoyle hits you with a mace!
You are engulfed in flames.
You resist.
Unknown command.
You slash the molten gargoyle!
You destroy the molten gargoyle!
Okawaru accepts your kill.
Unknown command.
The earth elemental hits you!
You see here a mace.
You slash the earth elemental!
The earth elemental is moderately damaged.
You block the earth elemental's attack.
You completely miss the earth elemental.
The earth elemental is moderately damaged.
You slash the earth elemental!
The earth elemental is severely damaged.
The earth elemental hits you!!
You die...

#########
##§§≈≈≈≈≈##
#§§§≈≈≈§≈≈#
##...≈≈≈...###
#...∩...∩....#
##..........#
#...###..###
###§###'###
#..≈≈##@E#
#§≈≈≈≈≈##.#
.§§≈§§## ..#
##§§≈≈≈§ .##
##.≈≈≈## ##
##.


You could see an earth elemental.

Vanquished Creatures
  Gastronok (Lair:1)
  The ghost of Frank the Basher, a journeyman GrFi of the Shining One (Volcano)
  2 two-headed ogres
  The ghost of polve the Grappler, a novice TrFi of Qazlal (D:7)
  The ghost of theElss the Thaumaturge, a novice DECj of Vehumet (Bailey)
  An ugly thing (D:9)
  A centaur zombie (D:9)
  A molten gargoyle (Volcano)
  Joseph (D:7)
  A spiny frog (Lair:1)
  7 polar bears (D:8)
  7 blink frogs (Lair:1)
  A wyvern (D:9)
  2 yaks (D:8)
  A human (D:7)
  5 hogs
  Eustachio (D:4)
  A hungry ghost (D:7)
  2 hell hounds (Lair:1)
  4 water moccasins
  A porcupine (Lair:1)
  2 ice beasts
  13 orc warriors
  7 black bears (D:8)
  A necrophage (D:9)
  2 centaurs
  2 phantoms
  5 ogres
  A crocodile (D:8)
  2 big kobolds
  7 bullfrogs
  A water moccasin zombie (Ossuary)
  2 elf skeletons (D:5)
  2 scorpions
  A water moccasin skeleton (D:8)
  6 killer bees (D:9)
  2 howler monkeys
  2 crimson imps
  A jelly (D:8)
  A quasit (D:8)
  2 bullfrog zombies
  A human zombie (D:5)
  4 hounds
  Crazy Yiuf (D:7)
  A bullfrog skeleton (D:8)
  8 orc priests
  A gnoll shaman (D:8)
  Natasha (D:4)
  3 iguanas
  9 orc wizards
  Ijyb (D:4)
  A human skeleton (D:5)
  8 worker ants
  2 big kobold zombies (Ossuary)
  2 hound zombies (D:8)
  2 mummies (Ossuary)
  A hound skeleton (D:5)
  A worker ant zombie (D:8)
  A howler monkey skeleton (D:5)
  7 gnolls
  4 adders
  2 shadow imps
  3 oozes
  3 adder skeletons
  An adder zombie (Ossuary)
  3 worms (D:2)
  4 leopard geckos
  60 orcs
  A ball python (D:2)
  8 bats
  4 giant cockroaches
  8 gnoll zombies (Ossuary)
  14 goblins
  4 hobgoblins
  3 jackals (D:6)
  15 kobolds
  6 quokkas
  2 frilled lizards
  A giant cockroach zombie (D:5)
  6 hobgoblin zombies (Ossuary)
  5 kobold zombies (Ossuary)
  2 orc skeletons (D:5)
  4 orc zombies (Ossuary)
  7 rats
330 creatures vanquished.

Vanquished Creatures (others)
  A fire vortex (Volcano)
1 creature vanquished.

Grand Total: 331 creatures vanquished

Notes
Turn   | Place    | Note
-------+----------+-------------------------------------------
     0 | D:1      | yasd the Formicid Fighter began the quest for the Orb.
     0 | D:1      | Reached XP level 1. HP: 18/18 MP: 1/1
    49 | D:1      | Reached XP level 2. HP: 21/24 MP: 2/2
   448 | D:1      | Reached XP level 3. HP: 25/29 MP: 3/3
  1438 | D:2      | Reached XP level 4. HP: 35/35 MP: 4/4
  1649 | D:2      | Found a shimmering altar of Xom.
  1654 | D:2      | Found a shimmering altar of Xom.
  1766 | D:2      | Found a white marble altar of Elyvilon.
  1976 | D:2      | Found a shimmering altar of Xom.
  2016 | D:2      | Found a faded altar of an unknown god.
  2359 | D:3      | Found a sparkling altar of Nemelex Xobeh.
  2377 | D:3      | Found a hazy altar of Hepliaklqana.
  2478 | D:4      | You fall through a shaft for 2 floors!
  2534 | D:6      | Noticed an ogre
  2551 | D:6      | Reached XP level 5. HP: 24/41 MP: 5/5
  2559 | D:6      | Killed an ogre
  2559 | D:6      | Reached skill level 5 in Maces & Flails
  2559 | D:6      | Reached XP level 6. HP: 29/47 MP: 6/6
  2719 | D:6      | Noticed a water moccasin
  2737 | D:6      | Killed a water moccasin
  2737 | D:6      | Reached XP level 7. HP: 31/52 MP: 7/7
  2861 | D:5      | Entered Level 5 of the Dungeon
  3182 | D:5      | Reached XP level 8. HP: 20/58 MP: 8/8
  3216 | D:5      | Found a sand-covered staircase.
  3229 | Ossuary  | Entered an ossuary
  4099 | D:5      | Reached skill level 5 in Fighting
  4792 | D:4      | Noticed Eustachio
  4806 | D:4      | Killed Eustachio
  4806 | D:4      | Reached skill level 10 in Maces & Flails
  4806 | D:4      | Reached XP level 9. HP: 63/68 MP: 9/9
  5075 | D:4      | Noticed Ijyb
  5082 | D:4      | Killed Ijyb
  5223 | D:4      | Found a hide-covered altar of Uskayaw.
  5415 | D:4      | Noticed Natasha
  5422 | D:4      | Killed Natasha
  5876 | D:4      | Found a staircase to the Ecumenical Temple.
  5934 | Temple   | Entered the Ecumenical Temple
  5987 | Temple   | Became a worshipper of Warmaster Okawaru
  6171 | D:4      | Found a basalt altar of Yredelemnul.
  6286 | D:6      | Found a stormy altar of Qazlal.
  7164 | D:6      | Found a glowing silver altar of Zin.
  7554 | D:7      | Noticed polve's ghost (novice TrFi)
  7683 | D:7      | Noticed Joseph
  7714 | D:7      | Killed Joseph
  7714 | D:7      | Reached * piety under Okawaru
  7714 | D:7      | Reached skill level 4 in Armour
  7714 | D:7      | Reached skill level 5 in Shields
  7741 | D:7      | Found a runed door.
  7745 | D:7      | Noticed Crazy Yiuf
  7756 | D:7      | Killed Crazy Yiuf
  8134 | D:7      | Reached skill level 5 in Armour
  8134 | D:7      | Reached XP level 10. HP: 63/74 MP: 10/10
  8626 | D:7      | Killed polve's ghost
  8626 | D:7      | Reached ** piety under Okawaru
  8626 | D:7      | Reached skill level 6 in Armour
  8685 | D:7      | Reached skill level 7 in Armour
  9352 | D:8      | Got a jewelled long sword
  9353 | D:8      | Identified the +10 long sword of Demonkind {slice, rPois rF+ Str+2 SInv} (You found it on level 8 of the Dungeon)
  9377 | D:8      | Noticed a two-headed ogre
  9398 | D:8      | Killed a two-headed ogre
  9398 | D:8      | Reached skill level 8 in Armour
  9403 | D:8      | Reached XP level 11. HP: 51/79 MP: 8/11
  9624 | D:8      | Found a glowing golden altar of the Shining One.
  9834 | D:8      | Reached skill level 1 in Long Blades
  9900 | D:8      | Found a huge runed gate.
  9900 | D:8      | Found a huge runed gate.
  9956 | D:8      | Found a huge runed gate.
  9957 | D:8      | Found a huge runed gate.
  9980 | D:8      | Reached *** piety under Okawaru
  9980 | D:8      | Reached skill level 9 in Armour
  9984 | D:8      | Reached skill level 10 in Shields
 10389 | D:8      | Found a shadowy altar of Dithmenos.
 10431 | D:8      | Reached **** piety under Okawaru
 10835 | D:9      | Found Sadwibb's Magic Scroll Shop.
 10861 | D:9      | Bought 2 scrolls of identify for 48 gold pieces
 10868 | D:9      | Found a flagged portal.
 10893 | Bailey   | Entered a bailey
 10978 | Bailey   | Noticed theElss's ghost (novice DECj)
 10991 | Bailey   | Killed theElss's ghost
 10991 | Bailey   | Reached skill level 10 in Armour
 11617 | Bailey   | Noticed an orc knight
 11625 | D:9      | Received a gift from Okawaru
 11685 | D:9      | Reached skill level 5 in Long Blades
 11953 | D:9      | Found a staircase to the Orcish Mines.
 12001 | D:9      | Noticed a purple ugly thing
 12008 | D:9      | Killed a purple ugly thing
 12008 | D:9      | Reached XP level 12. HP: 80/86 MP: 12/12
 12062 | D:9      | Noticed a two-headed ogre
 12074 | D:9      | Killed a two-headed ogre
 12637 | D:10     | Entered Level 10 of the Dungeon
 12637 | D:10     | Found a staircase to the Lair.
 12645 | Lair:1   | Entered Level 1 of the Lair of Beasts
 12658 | Lair:1   | Noticed Gastronok
 12686 | Lair:1   | Reached skill level 11 in Armour
 12704 | Lair:1   | Killed Gastronok
 12961 | Lair:1   | You fall through a shaft!
 13049 | Lair:1   | Found a dark tunnel.
 13057 | Volcano  | Entered a volcano
 13057 | Volcano  | Noticed Frank's ghost (journeyman GrFi)
 13075 | Volcano  | Killed Frank's ghost
 13075 | Volcano  | Reached skill level 12 in Armour
 13093 | Volcano  | Slain by an earth elemental

Skill      XL: |  1  2  3  4  5  6  7  8  9 10 11 12 |
---------------+-------------------------------------+-----
Maces & Flails | 3 4 5 6 8 10 11 | 11.4
Fighting       | 5 |  5.0
Shields        | 5 9 11 | 11.4
Armour         | 5 8 10 12 | 12.1
Long Blades    | 5 8 |  8.1

Action                   |  1- 3 |  4- 6 |  7- 9 | 10-12 || total
-------------------------+-------+-------+-------+-------++-------
Melee: Flail             |    94 |    95 |   453 |   128 ||   770
       Whip              |       |       |    63 |    20 ||    83
       Long sword        |       |       |       |   414 ||   414
Throw: Javelin           |       |       |     3 |    12 ||    15
Invok: Heroism           |       |       |     1 |    38 ||    39
 Abil: Dig               |       |       |     3 |       ||     3
  Use: Scroll            |     3 |     4 |     6 |     9 ||    22
       Potion            |     1 |     2 |     1 |    10 ||    14
 Stab: Invisible         |       |       |       |     8 ||     8
  Eat: Chunk             |     2 |     4 |     9 |    16 ||    31
       Bread ration      |       |       |     2 |     1 ||     3
Armor: Scale mail        |    40 |    34 |   104 |       ||   178
       Plate armour      |       |       |    25 |   195 ||   220
Dodge: Dodged            |    41 |    36 |   125 |   171 ||   373
       Deflected         |       |       |       |     7 ||     7
Block: Shield            |     5 |       |       |   422 ||   427
       Buckler           |    36 |    35 |   112 |     5 ||   188
       Rpst.: Long sword |       |       |       |    33 ||    33
